Workbook

Sheet ЛСР
B2: Локальный сметный расчет (ЛСР) №5
B3: Объект: «Комплексная застройка территории, расположенной в границах улиц: Тобольский тракт - Обход города Тюмени (мкр. Губернаторский). Многоэтажный жилой дом ГП-72.105» Секция 1
B4: Ведомость объемов работ и расхода материалов по работе: Устройство системы водоснабжения и сопутствующим работам (согласно проекту шифр ВК, стадия Р)
A6: № | B6: Наименование | C6: Артикул, марка, производитель | D6: Характеристика | E6: Ед. изм. | F6: Норма расхода | G6: Секция 1 | H6: Количество | I6: Цена за ед., руб | J6: Сумма, руб | K6: Примечание | L6: Форма закупа материала
A8: 11 | B8: Внутренние инженерные сети
A9: 11.02 | B9: Устройство системы водоснабжения | J9: =SUM($J$225,$J$129,$J$239,$J$10) -> 0
A10: 11.02.02 | B10: Устройство водоснабжения (горизонтальная разводка) | J10: =SUM($J$121,$J$11) -> 0
A11: 11.02.02.00 | B11: Устройство водоснабжения (горизонтальная разводка) | J11: =SUM($J$237,$J$114,$J$112,$J$108,$J$106,$J$103,$J$101,$J$96,$J$94,$J$91,$J$89,$J$87,$J$85,$J$81,$J$79,$J$77,$J$75,$J$72,$J$70,$J$64,$J$62,$J$53,$J$51,$J$49,$J$47,$J$45,$J$43,$J$40,$J$38,$J$33,$J$31,$J$29,$J$27,$J$16,$J$14,$J$12) -> 0
B12: Работы: | J12: =SUM($J$13) -> 0
B13: Бурение отверстий до 100мм | E13: шт | G13: 12 | H13: =SUM($G$13:$G$13) -> 12 | I13: {=INDEX(Р[Цена за ед., руб],MATCH(1,IF(($B13=Р[Наименование])*($K13=Р[Примечание]),{1},($B13=Р[Наименование])*($K13=Р[Примечание])),0))} -> 0 | J13: =ROUND($H$13*$I$13,2) -> 0
B14: Работы: | J14: =SUM($J$15) -> 0
B15: Изоляция трубопровода | E15: м | G15: 6797 | H15: =SUM($G$15:$G$15) -> 6797 | I15: {=INDEX(Р[Цена за ед., руб],MATCH(1,IF(($B15=Р[Наименование])*($K15=Р[Примечание]),{1},($B15=Р[Наименование])*($K15=Р[Примечание])),0))} -> 0 | J15: =ROUND($H$15*$I$15,2) -> 0
B16: Материалы: | J16: =SUM($J$17:$J$26) -> 0
A17: 1 | B17: Теплоизоляция трубная | C17: K-FLEX | D17: 64х13мм вспененный полиэтилен | E17: пог. м | G17: 48 | H17: =SUM($G$17:$G$17) -> 48 | I17: {=INDEX(М[Цена за ед., руб],MATCH(1,IF(($B17=М[Наим.])*($C17=М[Артикул, марка, произв.])*($D17=М[Хар-ка])*($K17=М[Прим.]),{1},($B17=М[Наим.])*($C17=М[Артикул, марка, произв.])*($D17=М[Хар-ка])*($K17=М[Прим.])),0))} -> 0 | J17: =ROUND($H$17*$I$17,2) -> 0 | L17: {=INDEX(М[Форма закупа],MATCH(1,IF(($B17=М[Наим.])*($C17=М[Артикул, марка, произв.])*($D17=М[Хар-ка])*($K17=М[Прим.]),{1},($B17=М[Наим.])*($C17=М[Артикул, марка, произв.])*($D17=М[Хар-ка])*($K17=М[Прим.])),0))} -> 0
A18: 2 | B18: Теплоизоляция трубная | C18: K-FLEX | D18: 76х13мм вспененный полиэтилен | E18: пог. м | G18: 5 | H18: =SUM($G$18:$G$18) -> 5 | I18: {=INDEX(М[Цена за ед., руб],MATCH(1,IF(($B18=М[Наим.])*($C18=М[Артикул, марка, произв.])*($D18=М[Хар-ка])*($K18=М[Прим.]),{1},($B18=М[Наим.])*($C18=М[Артикул, марка, произв.])*($D18=М[Хар-ка])*($K18=М[Прим.])),0))} -> 0 | J18: =ROUND($H$18*$I$18,2) -> 0 | L18: {=INDEX(М[Форма закупа],MATCH(1,IF(($B18=М[Наим.])*($C18=М[Артикул, марка, произв.])*($D18=М[Хар-ка])*($K18=М[Прим.]),{1},($B18=М[Наим.])*($C18=М[Артикул, марка, произв.])*($D18=М[Хар-ка])*($K18=М[Прим.])),0))} -> 0
A19: 3 | B19: Теплоизоляция трубная | C19: K-FLEX | D19: 89х13мм вспененный полиэтилен | E19: пог. м | G19: 20 | H19: =SUM($G$19:$G$19) -> 20 | I19: {=INDEX(М[Цена за ед., руб],MATCH(1,IF(($B19=М[Наим.])*($C19=М[Артикул, марка, произв.])*($D19=М[Хар-ка])*($K19=М[Прим.]),{1},($B19=М[Наим.])*($C19=М[Артикул, марка, произв.])*($D19=М[Хар-ка])*($K19=М[Прим.])),0))} -> 0 | J19: =ROUND($H$19*$I$19,2) -> 0 | L19: {=INDEX(М[Форма закупа],MATCH(1,IF(($B19=М[Наим.])*($C19=М[Артикул, марка, произв.])*($D19=М[Хар-ка])*($K19=М[Прим.]),{1},($B19=М[Наим.])*($C19=М[Артикул, марка, произв.])*($D19=М[Хар-ка])*($K19=М[Прим.])),0))} -> 0
A20: 4 | B20: Теплоизоляция трубная | C20: K-FLEX | D20: 48х13мм вспененный полиэтилен | E20: пог. м | G20: 12 | H20: =SUM($G$20:$G$20) -> 12 | I20: {=INDEX(М[Цена за ед., руб],MATCH(1,IF(($B20=М[Наим.])*($C20=М[Артикул, марка, произв.])*($D20=М[Хар-ка])*($K20=М[Прим.]),{1},($B20=М[Наим.])*($C20=М[Артикул, марка, произв.])*($D20=М[Хар-ка])*($K20=М[Прим.])),0))} -> 0 | J20: =ROUND($H$20*$I$20,2) -> 0 | L20: {=INDEX(М[Форма закупа],MATCH(1,IF(($B20=М[Наим.])*($C20=М[Артикул, марка, произв.])*($D20=М[Хар-ка])*($K20=М[Прим.]),{1},($B20=М[Наим.])*($C20=М[Артикул, марка, произв.])*($D20=М[Хар-ка])*($K20=М[Прим.])),0))} -> 0
A21: 5 | B21: Теплоизоляция трубная | C21: K-FLEX | D21: 57х13мм вспененный полиэтилен | E21: пог. м | G21: 40 | H21: =SUM($G$21:$G$21) -> 40 | I21: {=INDEX(М[Цена за ед., руб],MATCH(1,IF(($B21=М[Наим.])*($C21=М[Артикул, марка, произв.])*($D21=М[Хар-ка])*($K21=М[Прим.]),{1},($B21=М[Наим.])*($C21=М[Артикул, марка, произв.])*($D21=М[Хар-ка])*($K21=М[Прим.])),0))} -> 0 | J21: =ROUND($H$21*$I$21,2) -> 0 | L21: {=INDEX(М[Форма закупа],MATCH(1,IF(($B21=М[Наим.])*($C21=М[Артикул, марка, произв.])*($D21=М[Хар-ка])*($K21=М[Прим.]),{1},($B21=М[Наим.])*($C21=М[Артикул, марка, произв.])*($D21=М[Хар-ка])*($K21=М[Прим.])),0))} -> 0
A22: 6 | B22: Теплоизоляция трубная | C22: K-FLEX | D22: 50х13мм вспененный полиэтилен | E22: пог. м | G22: 111 | H22: =SUM($G$22:$G$22) -> 111 | I22: {=INDEX(М[Цена за ед., руб],MATCH(1,IF(($B22=М[Наим.])*($C22=М[Артикул, марка, произв.])*($D22=М[Хар-ка])*($K22=М[Прим.]),{1},($B22=М[Наим.])*($C22=М[Артикул, марка, произв.])*($D22=М[Хар-ка])*($K22=М[Прим.])),0))} -> 0 | J22: =ROUND($H$22*$I$22,2) -> 0 | L22: {=INDEX(М[Форма закупа],MATCH(1,IF(($B22=М[Наим.])*($C22=М[Артикул, марка, произв.])*($D22=М[Хар-ка])*($K22=М[Прим.]),{1},($B22=М[Наим.])*($C22=М[Артикул, марка, произв.])*($D22=М[Хар-ка])*($K22=М[Прим.])),0))} -> 0
A23: 7 | B23: Теплоизоляция трубная | C23: K-FLEX | D23: 22х9мм вспененный полиэтилен | E23: пог. м | G23: 6279 | H23: =SUM($G$23:$G$23) -> 6279 | I23: {=INDEX(М[Цена за ед., руб],MATCH(1,IF(($B23=М[Наим.])*($C23=М[Артикул, марка, произв.])*($D23=М[Хар-ка])*($K23=М[Прим.]),{1},($B23=М[Наим.])*($C23=М[Артикул, марка, произв.])*($D23=М[Хар-ка])*($K23=М[Прим.])),0))} -> 0 | J23: =ROUND($H$23*$I$23,2) -> 0 | L23: {=INDEX(М[Форма закупа],MATCH(1,IF(($B23=М[Наим.])*($C23=М[Артикул, марка, произв.])*($D23=М[Хар-ка])*($K23=М[Прим.]),{1},($B23=М[Наим.])*($C23=М[Артикул, марка, произв.])*($D23=М[Хар-ка])*($K23=М[Прим.])),0))} -> 0
A24: 8 | B24: Теплоизоляция трубная | C24: K-FLEX | D24: 110х13мм вспененный полиэтилен | E24: пог. м | G24: 8 | H24: =SUM($G$24:$G$24) -> 8 | I24: {=INDEX(М[Цена за ед., руб],MATCH(1,IF(($B24=М[Наим.])*($C24=М[Артикул, марка, произв.])*($D24=М[Хар-ка])*($K24=М[Прим.]),{1},($B24=М[Наим.])*($C24=М[Артикул, марка, произв.])*($D24=М[Хар-ка])*($K24=М[Прим.])),0))} -> 0 | J24: =ROUND($H$24*$I$24,2) -> 0 | L24: {=INDEX(М[Форма закупа],MATCH(1,IF(($B24=М[Наим.])*($C24=М[Артикул, марка, произв.])*($D24=М[Хар-ка])*($K24=М[Прим.]),{1},($B24=М[Наим.])*($C24=М[Артикул, марка, произв.])*($D24=М[Хар-ка])*($K24=М[Прим.])),0))} -> 0
A25: 9 | B25: Теплоизоляция трубная | C25: K-FLEX | D25: 28х13мм вспененный полиэтилен | E25: пог. м | G25: 170 | H25: =SUM($G$25:$G$25) -> 170 | I25: {=INDEX(М[Цена за ед., руб],MATCH(1,IF(($B25=М[Наим.])*($C25=М[Артикул, марка, произв.])*($D25=М[Хар-ка])*($K25=М[Прим.]),{1},($B25=М[Наим.])*($C25=М[Артикул, марка, произв.])*($D25=М[Хар-ка])*($K25=М[Прим.])),0))} -> 0 | J25: =ROUND($H$25*$I$25,2) -> 0 | L25: {=INDEX(М[Форма закупа],MATCH(1,IF(($B25=М[Наим.])*($C25=М[Артикул, марка, произв.])*($D25=М[Хар-ка])*($K25=М[Прим.]),{1},($B25=М[Наим.])*($C25=М[Артикул, марка, произв.])*($D25=М[Хар-ка])*($K25=М[Прим.])),0))} -> 0
A26: 10 | B26: Теплоизоляция трубная | C26: K-FLEX | D26: 35х13мм вспененный полиэтилен | E26: пог. м | G26: 104 | H26: =SUM($G$26:$G$26) -> 104 | I26: {=INDEX(М[Цена за ед., руб],MATCH(1,IF(($B26=М[Наим.])*($C26=М[Артикул, марка, произв.])*($D26=М[Хар-ка])*($K26=М[Прим.]),{1},($B26=М[Наим.])*($C26=М[Артикул, марка, произв.])*($D26=М[Хар-ка])*($K26=М[Прим.])),0))} -> 0 | J26: =ROUND($H$26*$I$26,2) -> 0 | L26: {=INDEX(М[Форма закупа],MATCH(1,IF(($B26=М[Наим.])*($C26=М[Артикул, марка, произв.])*($D26=М[Хар-ка])*($K26=М[Прим.]),{1},($B26=М[Наим.])*($C26=М[Артикул, марка, произв.])*($D26=М[Хар-ка])*($K26=М[Прим.])),0))} -> 0
B27: Работы: | J27: =SUM($J$28) -> 0
B28: Монтаж автоматического воздухоотводчика | E28: шт | G28: 10 | H28: =SUM($G$28:$G$28) -> 10 | I28: {=INDEX(Р[Цена за ед., руб],MATCH(1,IF(($B28=Р[Наименование])*($K28=Р[Примечание]),{1},($B28=Р[Наименование])*($K28=Р[Примечание])),0))} -> 0 | J28: =ROUND($H$28*$I$28,2) -> 0
B29: Материалы: | J29: =SUM($J$30) -> 0
A30: 1 | B30: Воздухоотводчик | C30: Valtec | D30: автоматический Ду-15 10bar | E30: шт | G30: 10 | H30: =SUM($G$30:$G$30) -> 10 | I30: {=INDEX(М[Цена за ед., руб],MATCH(1,IF(($B30=М[Наим.])*($C30=М[Артикул, марка, произв.])*($D30=М[Хар-ка])*($K30=М[Прим.]),{1},($B30=М[Наим.])*($C30=М[Артикул, марка, произв.])*($D30=М[Хар-ка])*($K30=М[Прим.])),0))} -> 0 | J30: =ROUND($H$30*$I$30,2) -> 0 | L30: {=INDEX(М[Форма закупа],MATCH(1,IF(($B30=М[Наим.])*($C30=М[Артикул, марка, произв.])*($D30=М[Хар-ка])*($K30=М[Прим.]),{1},($B30=М[Наим.])*($C30=М[Артикул, марка, произв.])*($D30=М[Хар-ка])*($K30=М[Прим.])),0))} -> 0
B31: Работы: | J31: =SUM($J$32) -> 0
B32: Монтаж клапана (фланцевые, резьбовые) до 32 мм | E32: шт | G32: 20 | H32: =SUM($G$32:$G$32) -> 20 | I32: {=INDEX(Р[Цена за ед., руб],MATCH(1,IF(($B32=Р[Наименование])*($K32=Р[Примечание]),{1},($B32=Р[Наименование])*($K32=Р[Примечание])),0))} -> 0 | J32: =ROUND($H$32*$I$32,2) -> 0
B33: Материалы: | J33: =SUM($J$34:$J$37) -> 0
A34: 1 | B34: Клапан балансировочный | C34: Weser | D34: ручной MVT-R Ду-15 Ру-16бар | E34: шт | G34: 4 | H34: =SUM($G$34:$G$34) -> 4 | I34: {=INDEX(М[Цена за ед., руб],MATCH(1,IF(($B34=М[Наим.])*($C34=М[Артикул, марка, произв.])*($D34=М[Хар-ка])*($K34=М[Прим.]),{1},($B34=М[Наим.])*($C34=М[Артикул, марка, произв.])*($D34=М[Хар-ка])*($K34=М[Прим.])),0))} -> 0 | J34: =ROUND($H$34*$I$34,2) -> 0 | L34: {=INDEX(М[Форма закупа],MATCH(1,IF(($B34=М[Наим.])*($C34=М[Артикул, марка, произв.])*($D34=М[Хар-ка])*($K34=М[Прим.]),{1},($B34=М[Наим.])*($C34=М[Артикул, марка, произв.])*($D34=М[Хар-ка])*($K34=М[Прим.])),0))} -> 0
A35: 2 | B35: Клапан балансировочный | C35: Weser | D35: ручной MVT-R Ду-20 Ру-16бар | E35: шт | G35: 4 | H35: =SUM($G$35:$G$35) -> 4 | I35: {=INDEX(М[Цена за ед., руб],MATCH(1,IF(($B35=М[Наим.])*($C35=М[Артикул, марка, произв.])*($D35=М[Хар-ка])*($K35=М[Прим.]),{1},($B35=М[Наим.])*($C35=М[Артикул, марка, произв.])*($D35=М[Хар-ка])*($K35=М[Прим.])),0))} -> 0 | J35: =ROUND($H$35*$I$35,2) -> 0 | L35: {=INDEX(М[Форма закупа],MATCH(1,IF(($B35=М[Наим.])*($C35=М[Артикул, марка, произв.])*($D35=М[Хар-ка])*($K35=М[Прим.]),{1},($B35=М[Наим.])*($C35=М[Артикул, марка, произв.])*($D35=М[Хар-ка])*($K35=М[Прим.])),0))} -> 0
A36: 3 | B36: Клапан обратный | C36: Valtec | D36: муфтовый Ду-20 Ру-16бар | E36: шт | G36: 2 | H36: =SUM($G$36:$G$36) -> 2 | I36: {=INDEX(М[Цена за ед., руб],MATCH(1,IF(($B36=М[Наим.])*($C36=М[Артикул, марка, произв.])*($D36=М[Хар-ка])*($K36=М[Прим.]),{1},($B36=М[Наим.])*($C36=М[Артикул, марка, произв.])*($D36=М[Хар-ка])*($K36=М[Прим.])),0))} -> 0 | J36: =ROUND($H$36*$I$36,2) -> 0 | L36: {=INDEX(М[Форма закупа],MATCH(1,IF(($B36=М[Наим.])*($C36=М[Артикул, марка, произв.])*($D36=М[Хар-ка])*($K36=М[Прим.]),{1},($B36=М[Наим.])*($C36=М[Артикул, марка, произв.])*($D36=М[Хар-ка])*($K36=М[Прим.])),0))} -> 0
A37: 4 | B37: Клапан регулирующий | C37: Valtec | D37: понижения давления резьбовой Ду-15Ру-10 бар | E37: шт | G37: 10 | H37: =SUM($G$37:$G$37) -> 10 | I37: {=INDEX(М[Цена за ед., руб],MATCH(1,IF(($B37=М[Наим.])*($C37=М[Артикул, марка, произв.])*($D37=М[Хар-ка])*($K37=М[Прим.]),{1},($B37=М[Наим.])*($C37=М[Артикул, марка, произв.])*($D37=М[Хар-ка])*($K37=М[Прим.])),0))} -> 0 | J37: =ROUND($H$37*$I$37,2) -> 0 | L37: {=INDEX(М[Форма закупа],MATCH(1,IF(($B37=М[Наим.])*($C37=М[Артикул, марка, произв.])*($D37=М[Хар-ка])*($K37=М[Прим.]),{1},($B37=М[Наим.])*($C37=М[Артикул, марка, произв.])*($D37=М[Хар-ка])*($K37=М[Прим.])),0))} -> 0
B38: Работы: | J38: =SUM($J$39) -> 0
B39: Монтаж клапана (фланцевые, резьбовые) от 40 мм | E39: шт | G39: 5 | H39: =SUM($G$39:$G$39) -> 5 | I39: {=INDEX(Р[Цена за ед., руб],MATCH(1,IF(($B39=Р[Наименование])*($K39=Р[Примечание]),{1},($B39=Р[Наименование])*($K39=Р[Примечание])),0))} -> 0 | J39: =ROUND($H$39*$I$39,2) -> 0
B40: Материалы: | J40: =SUM($J$41:$J$42) -> 0
A41: 1 | B41: Клапан обратный | C41: REON | D41: Межфланцевый Ду-80 Ру-16бар | E41: шт | G41: 1 | H41: =SUM($G$41:$G$41) -> 1 | I41: {=INDEX(М[Цена за ед., руб],MATCH(1,IF(($B41=М[Наим.])*($C41=М[Артикул, марка, произв.])*($D41=М[Хар-ка])*($K41=М[Прим.]),{1},($B41=М[Наим.])*($C41=М[Артикул, марка, произв.])*($D41=М[Хар-ка])*($K41=М[Прим.])),0))} -> 0 | J41: =ROUND($H$41*$I$41,2) -> 0 | L41: {=INDEX(М[Форма закупа],MATCH(1,IF(($B41=М[Наим.])*($C41=М[Артикул, марка, произв.])*($D41=М[Хар-ка])*($K41=М[Прим.]),{1},($B41=М[Наим.])*($C41=М[Артикул, марка, произв.])*($D41=М[Хар-ка])*($K41=М[Прим.])),0))} -> 0
A42: 2 | B42: Клапан обратный | C42: REON | D42: Межфланцевый Ду-50 Ру-16бар | E42: шт | G42: 4 | H42: =SUM($G$42:$G$42) -> 4 | I42: {=INDEX(М[Цена за ед., руб],MATCH(1,IF(($B42=М[Наим.])*($C42=М[Артикул, марка, произв.])*($D42=М[Хар-ка])*($K42=М[Прим.]),{1},($B42=М[Наим.])*($C42=М[Артикул, марка, произв.])*($D42=М[Хар-ка])*($K42=М[Прим.])),0))} -> 0 | J42: =ROUND($H$42*$I$42,2) -> 0 | L42: {=INDEX(М[Форма закупа],MATCH(1,IF(($B42=М[Наим.])*($C42=М[Артикул, марка, произв.])*($D42=М[Хар-ка])*($K42=М[Прим.]),{1},($B42=М[Наим.])*($C42=М[Артикул, марка, произв.])*($D42=М[Хар-ка])*($K42=М[Прим.])),0))} -> 0
B43: Работы: | J43: =SUM($J$44) -> 0
B44: Монтаж коллектора | E44: шт | G44: 46 | H44: =SUM($G$44:$G$44) -> 46 | I44: {=INDEX(Р[Цена за ед., руб],MATCH(1,IF(($B44=Р[Наименование])*($K44=Р[Примечание]),{1},($B44=Р[Наименование])*($K44=Р[Примечание])),0))} -> 0 | J44: =ROUND($H$44*$I$44,2) -> 0
B45: Материалы: | J45: =SUM($J$46) -> 0
A46: 1 | B46: Коллектор (в сборе) распределительный | D46: Д-50 с 4-мя выходами (диаметр подключения Ду32) | E46: шт | G46: 46 | H46: =SUM($G$46:$G$46) -> 46 | I46: {=INDEX(М[Цена за ед., руб],MATCH(1,IF(($B46=М[Наим.])*($C46=М[Артикул, марка, произв.])*($D46=М[Хар-ка])*($K46=М[Прим.]),{1},($B46=М[Наим.])*($C46=М[Артикул, марка, произв.])*($D46=М[Хар-ка])*($K46=М[Прим.])),0))} -> 0 | J46: =ROUND($H$46*$I$46,2) -> 0 | K46: в комплекте с кранами, фильтрами, редуктором давления, вставками под счетчик | L46: {=INDEX(М[Форма закупа],MATCH(1,IF(($B46=М[Наим.])*($C46=М[Артикул, марка, произв.])*($D46=М[Хар-ка])*($K46=М[Прим.]),{1},($B46=М[Наим.])*($C46=М[Артикул, марка, произв.])*($D46=М[Хар-ка])*($K46=М[Прим.])),0))} -> 0
B47: Работы: | J47: =SUM($J$48) -> 0
B48: Монтаж крана с электроприводом | E48: шт | G48: 368 | H48: =SUM($G$48:$G$48) -> 368 | I48: {=INDEX(Р[Цена за ед., руб],MATCH(1,IF(($B48=Р[Наименование])*($K48=Р[Примечание]),{1},($B48=Р[Наименование])*($K48=Р[Примечание])),0))} -> 0 | J48: =ROUND($H$48*$I$48,2) -> 0
B49: Материалы: | J49: =SUM($J$50) -> 0
A50: 1 | B50: Кран шаровой | C50: Gidrolock | D50: муфтовый с площадкой под электропривод В/В Ду-15 полнопроходной | E50: шт | G50: 368 | H50: =SUM($G$50:$G$50) -> 368 | I50: {=INDEX(М[Цена за ед., руб],MATCH(1,IF(($B50=М[Наим.])*($C50=М[Артикул, марка, произв.])*($D50=М[Хар-ка])*($K50=М[Прим.]),{1},($B50=М[Наим.])*($C50=М[Артикул, марка, произв.])*($D50=М[Хар-ка])*($K50=М[Прим.])),0))} -> 0 | J50: =ROUND($H$50*$I$50,2) -> 0 | L50: {=INDEX(М[Форма закупа],MATCH(1,IF(($B50=М[Наим.])*($C50=М[Артикул, марка, произв.])*($D50=М[Хар-ка])*($K50=М[Прим.]),{1},($B50=М[Наим.])*($C50=М[Артикул, марка, произв.])*($D50=М[Хар-ка])*($K50=М[Прим.])),0))} -> 0
B51: Работы: | J51: =SUM($J$52) -> 0
B52: Монтаж кранов (фланцевые, резьбовые) до 32 мм | E52: шт | G52: 294 | H52: =SUM($G$52:$G$52) -> 294 | I52: {=INDEX(Р[Цена за ед., руб],MATCH(1,IF(($B52=Р[Наименование])*($K52=Р[Примечание]),{1},($B52=Р[Наименование])*($K52=Р[Примечание])),0))} -> 0 | J52: =ROUND($H$52*$I$52,2) -> 0
B53: Материалы: | J53: =SUM($J$54:$J$61) -> 0
A54: 1 | B54: Кран шаровой | C54: Valtec | D54: Ду-15 полнопроходный с НГ | E54: шт | G54: 28 | H54: =SUM($G$54:$G$54) -> 28 | I54: {=INDEX(М[Цена за ед., руб],MATCH(1,IF(($B54=М[Наим.])*($C54=М[Артикул, марка, произв.])*($D54=М[Хар-ка])*($K54=М[Прим.]),{1},($B54=М[Наим.])*($C54=М[Артикул, марка, произв.])*($D54=М[Хар-ка])*($K54=М[Прим.])),0))} -> 0 | J54: =ROUND($H$54*$I$54,2) -> 0 | L54: {=INDEX(М[Форма закупа],MATCH(1,IF(($B54=М[Наим.])*($C54=М[Артикул, марка, произв.])*($D54=М[Хар-ка])*($K54=М[Прим.]),{1},($B54=М[Наим.])*($C54=М[Артикул, марка, произв.])*($D54=М[Хар-ка])*($K54=М[Прим.])),0))} -> 0
A55: 2 | B55: Кран шаровой | C55: Valtec | D55: Ду-20 полнопроходный с НГ | E55: шт | G55: 10 | H55: =SUM($G$55:$G$55) -> 10 | I55: {=INDEX(М[Цена за ед., руб],MATCH(1,IF(($B55=М[Наим.])*($C55=М[Артикул, марка, произв.])*($D55=М[Хар-ка])*($K55=М[Прим.]),{1},($B55=М[Наим.])*($C55=М[Артикул, марка, произв.])*($D55=М[Хар-ка])*($K55=М[Прим.])),0))} -> 0 | J55: =ROUND($H$55*$I$55,2) -> 0 | L55: {=INDEX(М[Форма закупа],MATCH(1,IF(($B55=М[Наим.])*($C55=М[Артикул, марка, произв.])*($D55=М[Хар-ка])*($K55=М[Прим.]),{1},($B55=М[Наим.])*($C55=М[Артикул, марка, произв.])*($D55=М[Хар-ка])*($K55=М[Прим.])),0))} -> 0
A56: 3 | B56: Кран шаровой | C56: Valtec | D56: Ду-25 полнопроходный с НГ | E56: шт | G56: 1 | H56: =SUM($G$56:$G$56) -> 1 | I56: {=INDEX(М[Цена за ед., руб],MATCH(1,IF(($B56=М[Наим.])*($C56=М[Артикул, марка, произв.])*($D56=М[Хар-ка])*($K56=М[Прим.]),{1},($B56=М[Наим.])*($C56=М[Артикул, марка, произв.])*($D56=М[Хар-ка])*($K56=М[Прим.])),0))} -> 0 | J56: =ROUND($H$56*$I$56,2) -> 0 | L56: {=INDEX(М[Форма закупа],MATCH(1,IF(($B56=М[Наим.])*($C56=М[Артикул, марка, произв.])*($D56=М[Хар-ка])*($K56=М[Прим.]),{1},($B56=М[Наим.])*($C56=М[Артикул, марка, произв.])*($D56=М[Хар-ка])*($K56=М[Прим.])),0))} -> 0
A57: 4 | B57: Кран шаровой | C57: Valtec | D57: муфтовый со штуцером Ду-20 | E57: шт | G57: 2 | H57: =SUM($G$57:$G$57) -> 2 | I57: {=INDEX(М[Цена за ед., руб],MATCH(1,IF(($B57=М[Наим.])*($C57=М[Артикул, марка, произв.])*($D57=М[Хар-ка])*($K57=М[Прим.]),{1},($B57=М[Наим.])*($C57=М[Артикул, марка, произв.])*($D57=М[Хар-ка])*($K57=М[Прим.])),0))} -> 0 | J57: =ROUND($H$57*$I$57,2) -> 0 | L57: {=INDEX(М[Форма закупа],MATCH(1,IF(($B57=М[Наим.])*($C57=М[Артикул, марка, произв.])*($D57=М[Хар-ка])*($K57=М[Прим.]),{1},($B57=М[Наим.])*($C57=М[Артикул, марка, произв.])*($D57=М[Хар-ка])*($K57=М[Прим.])),0))} -> 0
A58: 5 | B58: Кран шаровой | C58: Valtec | D58: ВР-ВР Ду-15 полнопроходной | E58: шт | G58: 56 | H58: =SUM($G$58:$G$58) -> 56 | I58: {=INDEX(М[Цена за ед., руб],MATCH(1,IF(($B58=М[Наим.])*($C58=М[Артикул, марка, произв.])*($D58=М[Хар-ка])*($K58=М[Прим.]),{1},($B58=М[Наим.])*($C58=М[Артикул, марка, произв.])*($D58=М[Хар-ка])*($K58=М[Прим.])),0))} -> 0 | J58: =ROUND($H$58*$I$58,2) -> 0 | L58: {=INDEX(М[Форма закупа],MATCH(1,IF(($B58=М[Наим.])*($C58=М[Артикул, марка, произв.])*($D58=М[Хар-ка])*($K58=М[Прим.]),{1},($B58=М[Наим.])*($C58=М[Артикул, марка, произв.])*($D58=М[Хар-ка])*($K58=М[Прим.])),0))} -> 0
A59: 6 | B59: Кран шаровой | C59: Valtec | D59: ВР-НР Ду-15 полнопроходной | E59: шт | G59: 10 | H59: =SUM($G$59:$G$59) -> 10 | I59: {=INDEX(М[Цена за ед., руб],MATCH(1,IF(($B59=М[Наим.])*($C59=М[Артикул, марка, произв.])*($D59=М[Хар-ка])*($K59=М[Прим.]),{1},($B59=М[Наим.])*($C59=М[Артикул, марка, произв.])*($D59=М[Хар-ка])*($K59=М[Прим.])),0))} -> 0 | J59: =ROUND($H$59*$I$59,2) -> 0 | L59: {=INDEX(М[Форма закупа],MATCH(1,IF(($B59=М[Наим.])*($C59=М[Артикул, марка, произв.])*($D59=М[Хар-ка])*($K59=М[Прим.]),{1},($B59=М[Наим.])*($C59=М[Артикул, марка, произв.])*($D59=М[Хар-ка])*($K59=М[Прим.])),0))} -> 0
A60: 7 | B60: Кран шаровой | C60: Valtec | D60: ВР-НР Ду-15 полнопроходной | E60: шт | G60: 184 | H60: =SUM($G$60:$G$60) -> 184 | I60: {=INDEX(М[Цена за ед., руб],MATCH(1,IF(($B60=М[Наим.])*($C60=М[Артикул, марка, произв.])*($D60=М[Хар-ка])*($K60=М[Прим.]),{1},($B60=М[Наим.])*($C60=М[Артикул, марка, произв.])*($D60=М[Хар-ка])*($K60=М[Прим.])),0))} -> 0 | J60: =ROUND($H$60*$I$60,2) -> 0 | K60: для пожаротушения | L60: {=INDEX(М[Форма закупа],MATCH(1,IF(($B60=М[Наим.])*($C60=М[Артикул, марка, произв.])*($D60=М[Хар-ка])*($K60=М[Прим.]),{1},($B60=М[Наим.])*($C60=М[Артикул, марка, произв.])*($D60=М[Хар-ка])*($K60=М[Прим.])),0))} -> 0
A61: 8 | B61: Кран трехходовой для манометра | D61: Ду-15 Ру-16 G1/2-М20х1,5 латунь | E61: шт | G61: 3 | H61: =SUM($G$61:$G$61) -> 3 | I61: {=INDEX(М[Цена за ед., руб],MATCH(1,IF(($B61=М[Наим.])*($C61=М[Артикул, марка, произв.])*($D61=М[Хар-ка])*($K61=М[Прим.]),{1},($B61=М[Наим.])*($C61=М[Артикул, марка, произв.])*($D61=М[Хар-ка])*($K61=М[Прим.])),0))} -> 0 | J61: =ROUND($H$61*$I$61,2) -> 0 | L61: {=INDEX(М[Форма закупа],MATCH(1,IF(($B61=М[Наим.])*($C61=М[Артикул, марка, произв.])*($D61=М[Хар-ка])*($K61=М[Прим.]),{1},($B61=М[Наим.])*($C61=М[Артикул, марка, произв.])*($D61=М[Хар-ка])*($K61=М[Прим.])),0))} -> 0
B62: Работы: | J62: =SUM($J$63) -> 0
B63: Монтаж кранов (фланцевые, резьбовые) от 40 мм | E63: шт | G63: 32 | H63: =SUM($G$63:$G$63) -> 32 | I63: {=INDEX(Р[Цена за ед., руб],MATCH(1,IF(($B63=Р[Наименование])*($K63=Р[Примечание]),{1},($B63=Р[Наименование])*($K63=Р[Примечание])),0))} -> 0 | J63: =ROUND($H$63*$I$63,2) -> 0
B64: Материалы: | J64: =SUM($J$65:$J$69) -> 0
A65: 1 | B65: Кран шаровой | C65: Valtec | D65: муфтовый c НГ Ду-40 полнопроходной | E65: шт | G65: 8 | H65: =SUM($G$65:$G$65) -> 8 | I65: {=INDEX(М[Цена за ед., руб],MATCH(1,IF(($B65=М[Наим.])*($C65=М[Артикул, марка, произв.])*($D65=М[Хар-ка])*($K65=М[Прим.]),{1},($B65=М[Наим.])*($C65=М[Артикул, марка, произв.])*($D65=М[Хар-ка])*($K65=М[Прим.])),0))} -> 0 | J65: =ROUND($H$65*$I$65,2) -> 0 | L65: {=INDEX(М[Форма закупа],MATCH(1,IF(($B65=М[Наим.])*($C65=М[Артикул, марка, произв.])*($D65=М[Хар-ка])*($K65=М[Прим.]),{1},($B65=М[Наим.])*($C65=М[Артикул, марка, произв.])*($D65=М[Хар-ка])*($K65=М[Прим.])),0))} -> 0
A66: 2 | B66: Кран шаровой | C66: LD | D66: фланцевый Ду-80 с электроприводом | E66: шт | G66: 1 | H66: =SUM($G$66:$G$66) -> 1 | I66: {=INDEX(М[Цена за ед., руб],MATCH(1,IF(($B66=М[Наим.])*($C66=М[Артикул, марка, произв.])*($D66=М[Хар-ка])*($K66=М[Прим.]),{1},($B66=М[Наим.])*($C66=М[Артикул, марка, произв.])*($D66=М[Хар-ка])*($K66=М[Прим.])),0))} -> 0 | J66: =ROUND($H$66*$I$66,2) -> 0 | L66: {=INDEX(М[Форма закупа],MATCH(1,IF(($B66=М[Наим.])*($C66=М[Артикул, марка, произв.])*($D66=М[Хар-ка])*($K66=М[Прим.]),{1},($B66=М[Наим.])*($C66=М[Артикул, марка, произв.])*($D66=М[Хар-ка])*($K66=М[Прим.])),0))} -> 0
A67: 3 | B67: Кран шаровой | C67: LD | D67: фланцевый Ду-80 | E67: шт | G67: 5 | H67: =SUM($G$67:$G$67) -> 5 | I67: {=INDEX(М[Цена за ед., руб],MATCH(1,IF(($B67=М[Наим.])*($C67=М[Артикул, марка, произв.])*($D67=М[Хар-ка])*($K67=М[Прим.]),{1},($B67=М[Наим.])*($C67=М[Артикул, марка, произв.])*($D67=М[Хар-ка])*($K67=М[Прим.])),0))} -> 0 | J67: =ROUND($H$67*$I$67,2) -> 0 | L67: {=INDEX(М[Форма закупа],MATCH(1,IF(($B67=М[Наим.])*($C67=М[Артикул, марка, произв.])*($D67=М[Хар-ка])*($K67=М[Прим.]),{1},($B67=М[Наим.])*($C67=М[Артикул, марка, произв.])*($D67=М[Хар-ка])*($K67=М[Прим.])),0))} -> 0
A68: 4 | B68: Кран шаровой | C68: Valtec | D68: ВР-ВР Ду-40 полнопроходной | E68: шт | G68: 4 | H68: =SUM($G$68:$G$68) -> 4 | I68: {=INDEX(М[Цена за ед., руб],MATCH(1,IF(($B68=М[Наим.])*($C68=М[Артикул, марка, произв.])*($D68=М[Хар-ка])*($K68=М[Прим.]),{1},($B68=М[Наим.])*($C68=М[Артикул, марка, произв.])*($D68=М[Хар-ка])*($K68=М[Прим.])),0))} -> 0 | J68: =ROUND($H$68*$I$68,2) -> 0 | L68: {=INDEX(М[Форма закупа],MATCH(1,IF(($B68=М[Наим.])*($C68=М[Артикул, марка, произв.])*($D68=М[Хар-ка])*($K68=М[Прим.]),{1},($B68=М[Наим.])*($C68=М[Артикул, марка, произв.])*($D68=М[Хар-ка])*($K68=М[Прим.])),0))} -> 0
A69: 5 | B69: Кран шаровой | C69: LD | D69: фланцевый Ду-50 | E69: шт | G69: 14 | H69: =SUM($G$69:$G$69) -> 14 | I69: {=INDEX(М[Цена за ед., руб],MATCH(1,IF(($B69=М[Наим.])*($C69=М[Артикул, марка, произв.])*($D69=М[Хар-ка])*($K69=М[Прим.]),{1},($B69=М[Наим.])*($C69=М[Артикул, марка, произв.])*($D69=М[Хар-ка])*($K69=М[Прим.])),0))} -> 0 | J69: =ROUND($H$69*$I$69,2) -> 0 | L69: {=INDEX(М[Форма закупа],MATCH(1,IF(($B69=М[Наим.])*($C69=М[Артикул, марка, произв.])*($D69=М[Хар-ка])*($K69=М[Прим.]),{1},($B69=М[Наим.])*($C69=М[Артикул, марка, произв.])*($D69=М[Хар-ка])*($K69=М[Прим.])),0))} -> 0
B70: Работы: | J70: =SUM($J$71) -> 0
B71: Монтаж насосной установки повышения давления | E71: шт | G71: 2 | H71: =SUM($G$71:$G$71) -> 2 | I71: {=INDEX(Р[Цена за ед., руб],MATCH(1,IF(($B71=Р[Наименование])*($K71=Р[Примечание]),{1},($B71=Р[Наименование])*($K71=Р[Примечание])),0))} -> 0 | J71: =ROUND($H$71*$I$71,2) -> 0
B72: Материалы: | J72: =SUM($J$73:$J$74) -> 0
A73: 1 | B73: Насосная установка повышения давления | C73: WILO либо аналог | D73: 16бар Q=2.01 л/с Н=58,42 м | E73: шт | F73: 1 | G73: 1 | H73: =SUM($G$73:$G$73) -> 1 | I73: {=INDEX(М[Цена за ед., руб],MATCH(1,IF(($B73=М[Наим.])*($C73=М[Артикул, марка, произв.])*($D73=М[Хар-ка])*($K73=М[Прим.]),{1},($B73=М[Наим.])*($C73=М[Артикул, марка, произв.])*($D73=М[Хар-ка])*($K73=М[Прим.])),0))} -> 0 | J73: =ROUND($H$73*$I$73,2) -> 0 | K73: Wilo COR-3 MVL 408/SKwEB-R* или аналог в комплекте с виброкомпенсаторами фланцевыми | L73: {=INDEX(М[Форма закупа],MATCH(1,IF(($B73=М[Наим.])*($C73=М[Артикул, марка, произв.])*($D73=М[Хар-ка])*($K73=М[Прим.]),{1},($B73=М[Наим.])*($C73=М[Артикул, марка, произв.])*($D73=М[Хар-ка])*($K73=М[Прим.])),0))} -> 0
A74: 2 | B74: Насосная установка повышения давления | C74: WILO либо аналог | D74: 16бар Q=1,88 л/с Н=93,02 м | E74: шт | G74: 1 | H74: =SUM($G$74:$G$74) -> 1 | I74: {=INDEX(М[Цена за ед., руб],MATCH(1,IF(($B74=М[Наим.])*($C74=М[Артикул, марка, произв.])*($D74=М[Хар-ка])*($K74=М[Прим.]),{1},($B74=М[Наим.])*($C74=М[Артикул, марка, произв.])*($D74=М[Хар-ка])*($K74=М[Прим.])),0))} -> 0 | J74: =ROUND($H$74*$I$74,2) -> 0 | K74: Wilo COR-3 MVL 412/SKwEB-R* или аналог в комплекте с виброкомпенсаторами фланцевыми | L74: {=INDEX(М[Форма закупа],MATCH(1,IF(($B74=М[Наим.])*($C74=М[Артикул, марка, произв.])*($D74=М[Хар-ка])*($K74=М[Прим.]),{1},($B74=М[Наим.])*($C74=М[Артикул, марка, произв.])*($D74=М[Хар-ка])*($K74=М[Прим.])),0))} -> 0
B75: Работы: | J75: =SUM($J$76) -> 0
B76: Монтаж НСПС | E76: шт | G76: 2 | H76: =SUM($G$76:$G$76) -> 2 | I76: {=INDEX(Р[Цена за ед., руб],MATCH(1,IF(($B76=Р[Наименование])*($K76=Р[Примечание]),{1},($B76=Р[Наименование])*($K76=Р[Примечание])),0))} -> 0 | J76: =ROUND($H$76*$I$76,2) -> 0
B77: Материалы: | J77: =SUM($J$78) -> 0
A78: 1 | B78: Переход | D78: D 110x108 ПЭ/Сталь | E78: шт | G78: 2 | H78: =SUM($G$78:$G$78) -> 2 | I78: {=INDEX(М[Цена за ед., руб],MATCH(1,IF(($B78=М[Наим.])*($C78=М[Артикул, марка, произв.])*($D78=М[Хар-ка])*($K78=М[Прим.]),{1},($B78=М[Наим.])*($C78=М[Артикул, марка, произв.])*($D78=М[Хар-ка])*($K78=М[Прим.])),0))} -> 0 | J78: =ROUND($H$78*$I$78,2) -> 0 | L78: {=INDEX(М[Форма закупа],MATCH(1,IF(($B78=М[Наим.])*($C78=М[Артикул, марка, произв.])*($D78=М[Хар-ка])*($K78=М[Прим.]),{1},($B78=М[Наим.])*($C78=М[Артикул, марка, произв.])*($D78=М[Хар-ка])*($K78=М[Прим.])),0))} -> 0
B79: Работы: | J79: =SUM($J$80) -> 0
B80: Монтаж счетчика | E80: шт | G80: 1 | H80: =SUM($G$80:$G$80) -> 1 | I80: {=INDEX(Р[Цена за ед., руб],MATCH(1,IF(($B80=Р[Наименование])*($K80=Р[Примечание]),{1},($B80=Р[Наименование])*($K80=Р[Примечание])),0))} -> 0 | J80: =ROUND($H$80*$I$80,2) -> 0
B81: Материалы: | J81: =SUM($J$82:$J$84) -> 0
A82: 1 | B82: Присоединители для счетчика | E82: компл. | G82: 1 | H82: =SUM($G$82:$G$82) -> 1 | I82: {=INDEX(М[Цена за ед., руб],MATCH(1,IF(($B82=М[Наим.])*($C82=М[Артикул, марка, произв.])*($D82=М[Хар-ка])*($K82=М[Прим.]),{1},($B82=М[Наим.])*($C82=М[Артикул, марка, произв.])*($D82=М[Хар-ка])*($K82=М[Прим.])),0))} -> 0 | J82: =ROUND($H$82*$I$82,2) -> 0 | K82: ответные фланцы+ прокладки | L82: {=INDEX(М[Форма закупа],MATCH(1,IF(($B82=М[Наим.])*($C82=М[Артикул, марка, произв.])*($D82=М[Хар-ка])*($K82=М[Прим.]),{1},($B82=М[Наим.])*($C82=М[Артикул, марка, произв.])*($D82=М[Хар-ка])*($K82=М[Прим.])),0))} -> 0
A83: 2 | B83: Вставка ремонтная | D83: для счетчика Ду50 мм | E83: шт | G83: 1 | H83: =SUM($G$83:$G$83) -> 1 | I83: {=INDEX(М[Цена за ед., руб],MATCH(1,IF(($B83=М[Наим.])*($C83=М[Артикул, марка, произв.])*($D83=М[Хар-ка])*($K83=М[Прим.]),{1},($B83=М[Наим.])*($C83=М[Артикул, марка, произв.])*($D83=М[Хар-ка])*($K83=М[Прим.])),0))} -> 0 | J83: =ROUND($H$83*$I$83,2) -> 0 | L83: {=INDEX(М[Форма закупа],MATCH(1,IF(($B83=М[Наим.])*($C83=М[Артикул, марка, произв.])*($D83=М[Хар-ка])*($K83=М[Прим.]),{1},($B83=М[Наим.])*($C83=М[Артикул, марка, произв.])*($D83=М[Хар-ка])*($K83=М[Прим.])),0))} -> 0
A84: 3 | B84: Счетчик воды | C84: Пульсар | D84: с импульсным выходом Ду-50 Qn- L-ультразвуковой | E84: шт | G84: 1 | H84: =SUM($G$84:$G$84) -> 1 | I84: {=INDEX(М[Цена за ед., руб],MATCH(1,IF(($B84=М[Наим.])*($C84=М[Артикул, марка, произв.])*($D84=М[Хар-ка])*($K84=М[Прим.]),{1},($B84=М[Наим.])*($C84=М[Артикул, марка, произв.])*($D84=М[Хар-ка])*($K84=М[Прим.])),0))} -> 0 | J84: =ROUND($H$84*$I$84,2) -> 0 | L84: {=INDEX(М[Форма закупа],MATCH(1,IF(($B84=М[Наим.])*($C84=М[Артикул, марка, произв.])*($D84=М[Хар-ка])*($K84=М[Прим.]),{1},($B84=М[Наим.])*($C84=М[Артикул, марка, произв.])*($D84=М[Хар-ка])*($K84=М[Прим.])),0))} -> 0
B85: Работы: | J85: =SUM($J$86) -> 0
B86: Монтаж трубы из сшитого полиэтилена | E86: м | G86: 6279 | H86: =SUM($G$86:$G$86) -> 6279 | I86: {=INDEX(Р[Цена за ед., руб],MATCH(1,IF(($B86=Р[Наименование])*($K86=Р[Примечание]),{1},($B86=Р[Наименование])*($K86=Р[Примечание])),0))} -> 0 | J86: =ROUND($H$86*$I$86,2) -> 0
B87: Материалы: | J87: =SUM($J$88) -> 0
A88: 1 | B88: Труба сшитый полиэтилен | C88: ONE PLUS | D88: DN-20х2,8 PN-10bar PEXа | E88: пог. м | G88: 6279 | H88: =SUM($G$88:$G$88) -> 6279 | I88: {=INDEX(М[Цена за ед., руб],MATCH(1,IF(($B88=М[Наим.])*($C88=М[Артикул, марка, произв.])*($D88=М[Хар-ка])*($K88=М[Прим.]),{1},($B88=М[Наим.])*($C88=М[Артикул, марка, произв.])*($D88=М[Хар-ка])*($K88=М[Прим.])),0))} -> 0 | J88: =ROUND($H$88*$I$88,2) -> 0 | L88: {=INDEX(М[Форма закупа],MATCH(1,IF(($B88=М[Наим.])*($C88=М[Артикул, марка, произв.])*($D88=М[Хар-ка])*($K88=М[Прим.]),{1},($B88=М[Наим.])*($C88=М[Артикул, марка, произв.])*($D88=М[Хар-ка])*($K88=М[Прим.])),0))} -> 0
B89: Работы: | J89: =SUM($J$90) -> 0
B90: Монтаж фильтра | E90: шт | G90: 11 | H90: =SUM($G$90:$G$90) -> 11 | I90: {=INDEX(Р[Цена за ед., руб],MATCH(1,IF(($B90=Р[Наименование])*($K90=Р[Примечание]),{1},($B90=Р[Наименование])*($K90=Р[Примечание])),0))} -> 0 | J90: =ROUND($H$90*$I$90,2) -> 0
B91: Материалы: | J91: =SUM($J$92:$J$93) -> 0
A92: 1 | B92: Фильтр сетчатый | C92: REON | D92: фланцевый Ду-80 | E92: шт | G92: 1 | H92: =SUM($G$92:$G$92) -> 1 | I92: {=INDEX(М[Цена за ед., руб],MATCH(1,IF(($B92=М[Наим.])*($C92=М[Артикул, марка, произв.])*($D92=М[Хар-ка])*($K92=М[Прим.]),{1},($B92=М[Наим.])*($C92=М[Артикул, марка, произв.])*($D92=М[Хар-ка])*($K92=М[Прим.])),0))} -> 0 | J92: =ROUND($H$92*$I$92,2) -> 0 | L92: {=INDEX(М[Форма закупа],MATCH(1,IF(($B92=М[Наим.])*($C92=М[Артикул, марка, произв.])*($D92=М[Хар-ка])*($K92=М[Прим.]),{1},($B92=М[Наим.])*($C92=М[Артикул, марка, произв.])*($D92=М[Хар-ка])*($K92=М[Прим.])),0))} -> 0
A93: 2 | B93: Фильтр сетчатый | C93: Valtec | D93: муфтовый ВР-ВР Ду-15 латунь | E93: шт | G93: 10 | H93: =SUM($G$93:$G$93) -> 10 | I93: {=INDEX(М[Цена за ед., руб],MATCH(1,IF(($B93=М[Наим.])*($C93=М[Артикул, марка, произв.])*($D93=М[Хар-ка])*($K93=М[Прим.]),{1},($B93=М[Наим.])*($C93=М[Артикул, марка, произв.])*($D93=М[Хар-ка])*($K93=М[Прим.])),0))} -> 0 | J93: =ROUND($H$93*$I$93,2) -> 0 | L93: {=INDEX(М[Форма закупа],MATCH(1,IF(($B93=М[Наим.])*($C93=М[Артикул, марка, произв.])*($D93=М[Хар-ка])*($K93=М[Прим.]),{1},($B93=М[Наим.])*($C93=М[Артикул, марка, произв.])*($D93=М[Хар-ка])*($K93=М[Прим.])),0))} -> 0
B94: Работы: | J94: =SUM($J$95) -> 0
B95: Прокладка трубы ППН | E95: пог. м | G95: 488 | H95: =SUM($G$95:$G$95) -> 488 | I95: {=INDEX(Р[Цена за ед., руб],MATCH(1,IF(($B95=Р[Наименование])*($K95=Р[Примечание]),{1},($B95=Р[Наименование])*($K95=Р[Примечание])),0))} -> 0 | J95: =ROUND($H$95*$I$95,2) -> 0
B96: Материалы: | J96: =SUM($J$97:$J$100) -> 0
A97: 1 | B97: Труба полипропиленовая | D97: PPH PN20 DN63х8,6 арм.стекловолокно | E97: пог. м | G97: 101 | H97: =SUM($G$97:$G$97) -> 101 | I97: {=INDEX(М[Цена за ед., руб],MATCH(1,IF(($B97=М[Наим.])*($C97=М[Артикул, марка, произв.])*($D97=М[Хар-ка])*($K97=М[Прим.]),{1},($B97=М[Наим.])*($C97=М[Артикул, марка, произв.])*($D97=М[Хар-ка])*($K97=М[Прим.])),0))} -> 0 | J97: =ROUND($H$97*$I$97,2) -> 0 | L97: {=INDEX(М[Форма закупа],MATCH(1,IF(($B97=М[Наим.])*($C97=М[Артикул, марка, произв.])*($D97=М[Хар-ка])*($K97=М[Прим.]),{1},($B97=М[Наим.])*($C97=М[Артикул, марка, произв.])*($D97=М[Хар-ка])*($K97=М[Прим.])),0))} -> 0
A98: 2 | B98: Труба полипропиленовая | D98: PPH PN20 DN25х5,4 арм.стекловолокно | E98: пог. м | G98: 173 | H98: =SUM($G$98:$G$98) -> 173 | I98: {=INDEX(М[Цена за ед., руб],MATCH(1,IF(($B98=М[Наим.])*($C98=М[Артикул, марка, произв.])*($D98=М[Хар-ка])*($K98=М[Прим.]),{1},($B98=М[Наим.])*($C98=М[Артикул, марка, произв.])*($D98=М[Хар-ка])*($K98=М[Прим.])),0))} -> 0 | J98: =ROUND($H$98*$I$98,2) -> 0 | L98: {=INDEX(М[Форма закупа],MATCH(1,IF(($B98=М[Наим.])*($C98=М[Артикул, марка, произв.])*($D98=М[Хар-ка])*($K98=М[Прим.]),{1},($B98=М[Наим.])*($C98=М[Артикул, марка, произв.])*($D98=М[Хар-ка])*($K98=М[Прим.])),0))} -> 0
A99: 3 | B99: Труба полипропиленовая | D99: PPH PN20 DN32х5,4 арм.стекловолокно | E99: пог. м | G99: 104 | H99: =SUM($G$99:$G$99) -> 104 | I99: {=INDEX(М[Цена за ед., руб],MATCH(1,IF(($B99=М[Наим.])*($C99=М[Артикул, марка, произв.])*($D99=М[Хар-ка])*($K99=М[Прим.]),{1},($B99=М[Наим.])*($C99=М[Артикул, марка, произв.])*($D99=М[Хар-ка])*($K99=М[Прим.])),0))} -> 0 | J99: =ROUND($H$99*$I$99,2) -> 0 | L99: {=INDEX(М[Форма закупа],MATCH(1,IF(($B99=М[Наим.])*($C99=М[Артикул, марка, произв.])*($D99=М[Хар-ка])*($K99=М[Прим.]),{1},($B99=М[Наим.])*($C99=М[Артикул, марка, произв.])*($D99=М[Хар-ка])*($K99=М[Прим.])),0))} -> 0
A100: 4 | B100: Труба полипропиленовая | D100: PPH PN20 DN50х8,4 арм.стекловолокно | E100: пог. м | G100: 110 | H100: =SUM($G$100:$G$100) -> 110 | I100: {=INDEX(М[Цена за ед., руб],MATCH(1,IF(($B100=М[Наим.])*($C100=М[Артикул, марка, произв.])*($D100=М[Хар-ка])*($K100=М[Прим.]),{1},($B100=М[Наим.])*($C100=М[Артикул, марка, произв.])*($D100=М[Хар-ка])*($K100=М[Прим.])),0))} -> 0 | J100: =ROUND($H$100*$I$100,2) -> 0 | L100: {=INDEX(М[Форма закупа],MATCH(1,IF(($B100=М[Наим.])*($C100=М[Артикул, марка, произв.])*($D100=М[Хар-ка])*($K100=М[Прим.]),{1},($B100=М[Наим.])*($C100=М[Артикул, марка, произв.])*($D100=М[Хар-ка])*($K100=М[Прим.])),0))} -> 0
B101: Работы: | J101: =SUM($J$102) -> 0
B102: Прокладка трубы ПЭ | E102: м | G102: 12 | H102: =SUM($G$102:$G$102) -> 12 | I102: {=INDEX(Р[Цена за ед., руб],MATCH(1,IF(($B102=Р[Наименование])*($K102=Р[Примечание]),{1},($B102=Р[Наименование])*($K102=Р[Примечание])),0))} -> 0 | J102: =ROUND($H$102*$I$102,2) -> 0
B103: Материалы: | J103: =SUM($J$104:$J$105) -> 0
...

Sheet Работы
A1: Сводная ведомость объемов работ
A3: Наименование | B3: Ед. изм. | C3: Количество | D3: Цена за ед., руб | E3: Сумма, руб | F3: Примечание
A4: Бурение отверстий до 100мм | B4: шт | C4: 12 | E4: =ROUND(Р[[#This Row],[Количество]]*Р[[#This Row],[Цена за ед., руб]],2) -> 0
A5: Изоляция трубопровода | B5: м | C5: 7413 | E5: =ROUND(Р[[#This Row],[Количество]]*Р[[#This Row],[Цена за ед., руб]],2) -> 0
A6: Монтаж автоматического воздухоотводчика | B6: шт | C6: 14 | E6: =ROUND(Р[[#This Row],[Количество]]*Р[[#This Row],[Цена за ед., руб]],2) -> 0
A7: Монтаж клапана (фланцевые, резьбовые) до 32 мм | B7: шт | C7: 20 | E7: =ROUND(Р[[#This Row],[Количество]]*Р[[#This Row],[Цена за ед., руб]],2) -> 0
A8: Монтаж клапана (фланцевые, резьбовые) от 40 мм | B8: шт | C8: 5 | E8: =ROUND(Р[[#This Row],[Количество]]*Р[[#This Row],[Цена за ед., руб]],2) -> 0
A9: Монтаж коллектора | B9: шт | C9: 46 | E9: =ROUND(Р[[#This Row],[Количество]]*Р[[#This Row],[Цена за ед., руб]],2) -> 0
A10: Монтаж крана с электроприводом | B10: шт | C10: 368 | E10: =ROUND(Р[[#This Row],[Количество]]*Р[[#This Row],[Цена за ед., руб]],2) -> 0
A11: Монтаж кранов (фланцевые, резьбовые) до 32 мм | B11: шт | C11: 306 | E11: =ROUND(Р[[#This Row],[Количество]]*Р[[#This Row],[Цена за ед., руб]],2) -> 0
A12: Монтаж кранов (фланцевые, резьбовые) от 40 мм | B12: шт | C12: 32 | E12: =ROUND(Р[[#This Row],[Количество]]*Р[[#This Row],[Цена за ед., руб]],2) -> 0
A13: Монтаж насосной установки повышения давления | B13: шт | C13: 2 | E13: =ROUND(Р[[#This Row],[Количество]]*Р[[#This Row],[Цена за ед., руб]],2) -> 0
A14: Монтаж НСПС | B14: шт | C14: 2 | E14: =ROUND(Р[[#This Row],[Количество]]*Р[[#This Row],[Цена за ед., руб]],2) -> 0
A15: Монтаж счетчика | B15: шт | C15: 381 | E15: =ROUND(Р[[#This Row],[Количество]]*Р[[#This Row],[Цена за ед., руб]],2) -> 0
... A29: Прочие работы (Навигация) | B29: компл. | C29: 1 | E29: =ROUND(Р[[#This Row],[Количество]]*Р[[#This Row],[Цена за ед., руб]],2) -> 0
A30: Итог | E30: =SUBTOTAL(109,Р[Сумма, руб]) -> 0
D32: проверка | E32: =Р[[#Totals],[Сумма, руб]]-ЛСР!J244 -> 0

Sheet Материалы
A1: Сводная ведомость объемов материала
A3: Наим. | B3: Артикул, марка, произв. | C3: Хар-ка | D3: Ед. изм. | E3: Количество | F3: Цена за ед., руб | G3: Сумма, руб | H3: Прим. | I3: Форма закупа
A4: Окожушка | C4: оцинк. сталь 0,5мм | D4: м2 | E4: 30 | G4: =ROUND(М[[#This Row],[Количество]]*М[[#This Row],[Цена за ед., руб]],2) -> 0 | H4: гильзы
A5: Труба стальная | C5: 12Х18Н10Т сварка D-76x4.5 | D5: м | E5: 4 | G5: =ROUND(М[[#This Row],[Количество]]*М[[#This Row],[Цена за ед., руб]],2) -> 0
A6: Труба стальная | C6: 12Х18Н10Т сварка D-108x4.0 | D6: м | E6: 4 | G6: =ROUND(М[[#This Row],[Количество]]*М[[#This Row],[Цена за ед., руб]],2) -> 0
A7: Труба стальная | C7: 12Х18Н10Т сварка D-48x3.5 | D7: м | E7: 12 | G7: =ROUND(М[[#This Row],[Количество]]*М[[#This Row],[Цена за ед., руб]],2) -> 0
A8: Труба стальная | C8: 12Х18Н10Т сварка D-57x3.5 | D8: м | E8: 41 | G8: =ROUND(М[[#This Row],[Количество]]*М[[#This Row],[Цена за ед., руб]],2) -> 0
A9: Труба стальная | C9: 12Х18Н10Т сварка D-89x4.5 | D9: м | E9: 24 | G9: =ROUND(М[[#This Row],[Количество]]*М[[#This Row],[Цена за ед., руб]],2) -> 0
A10: Труба стальная | C10: 12Х18Н10Т сварка D-20х2.5 | D10: м | E10: 0.5 | G10: =ROUND(М[[#This Row],[Количество]]*М[[#This Row],[Цена за ед., руб]],2) -> 0
A11: Труба стальная | C11: 12Х18Н10Т сварка D-22x3 | D11: м | E11: 2 | G11: =ROUND(М[[#This Row],[Количество]]*М[[#This Row],[Цена за ед., руб]],2) -> 0
A12: Присоединители для счетчика | D12: компл. | E12: 1 | G12: =ROUND(М[[#This Row],[Количество]]*М[[#This Row],[Цена за ед., руб]],2) -> 0 | H12: ответные фланцы+ прокладки
A13: Присоединители для счетчика | D13: компл. | E13: 380 | G13: =ROUND(М[[#This Row],[Количество]]*М[[#This Row],[Цена за ед., руб]],2) -> 0 | H13: С обратным клапаном
A14: Вставка ремонтная | C14: для счетчика Ду50 мм | D14: шт | E14: 1 | G14: =ROUND(М[[#This Row],[Количество]]*М[[#This Row],[Цена за ед., руб]],2) -> 0
A15: Вставка ремонтная | C15: для счетчика Ду15 мм | D15: шт | E15: 380 | G15: =ROUND(М[[#This Row],[Количество]]*М[[#This Row],[Цена за ед., руб]],2) -> 0
A16: Переход | C16: D 110x108 ПЭ/Сталь | D16: шт | E16: 2 | G16: =ROUND(М[[#This Row],[Количество]]*М[[#This Row],[Цена за ед., руб]],2) -> 0
A17: УВП | C17: в сумке | D17: шт | E17: 184 | G17: =ROUND(М[[#This Row],[Количество]]*М[[#This Row],[Цена за ед., руб]],2) -> 0
A18: Счетчик воды | B18: Пульсар | C18: с импульсным выходом Ду-50 Qn- L-ультразвуковой | D18: шт | E18: 1 | G18: =ROUND(М[[#This Row],[Количество]]*М[[#This Row],[Цена за ед., руб]],2) -> 0
A19: Счетчик воды | B19: Пульсар | C19: с импульсным выходом Ду-15 Qn-1,5м3/час L-110мм | D19: шт | E19: 380 | G19: =ROUND(М[[#This Row],[Количество]]*М[[#This Row],[Цена за ед., руб]],2) -> 0
A20: Труба полипропиленовая | C20: PPH PN20 DN63х8,6 арм.стекловолокно | D20: пог. м | E20: 101 | G20: =ROUND(М[[#This Row],[Количество]]*М[[#This Row],[Цена за ед., руб]],2) -> 0
A21: Труба полипропиленовая | C21: PPH PN20 DN25х5,4 арм.стекловолокно | D21: пог. м | E21: 191 | G21: =ROUND(М[[#This Row],[Количество]]*М[[#This Row],[Цена за ед., руб]],2) -> 0
A22: Труба полипропиленовая | C22: PPH PN20 DN32х5,4 арм.стекловолокно | D22: пог. м | E22: 384 | G22: =ROUND(М[[#This Row],[Количество]]*М[[#This Row],[Цена за ед., руб]],2) -> 0
A23: Труба полипропиленовая | C23: PPH PN20 DN40х6,7 арм.стекловолокно | D23: пог. м | E23: 40 | G23: =ROUND(М[[#This Row],[Количество]]*М[[#This Row],[Цена за ед., руб]],2) -> 0
A24: Труба полипропиленовая | C24: PPH PN20 DN50х8,4 арм.стекловолокно | D24: пог. м | E24: 650 | G24: =ROUND(М[[#This Row],[Количество]]*М[[#This Row],[Цена за ед., руб]],2) -> 0
A25: Труба электросварная (пог.м.) | C25: стальная D-89х4,0 | D25: пог. м | E25: 4 | G25: =ROUND(М[[#This Row],[Количество]]*М[[#This Row],[Цена за ед., руб]],2) -> 0
A26: Труба электросварная (пог.м.) | C26: стальная D-108х4,0 | D26: пог. м | E26: 4 | G26: =ROUND(М[[#This Row],[Количество]]*М[[#This Row],[Цена за ед., руб]],2) -> 0
A27: Кран шаровой | B27: Valtec | C27: Ду-15 полнопроходный с НГ | D27: шт | E27: 28 | G27: =ROUND(М[[#This Row],[Количество]]*М[[#This Row],[Цена за ед., руб]],2) -> 0
A28: Кран шаровой | B28: Valtec | C28: Ду-20 полнопроходный с НГ | D28: шт | E28: 10 | G28: =ROUND(М[[#This Row],[Количество]]*М[[#This Row],[Цена за ед., руб]],2) -> 0
A29: Кран шаровой | B29: Valtec | C29: Ду-25 полнопроходный с НГ | D29: шт | E29: 5 | G29: =ROUND(М[[#This Row],[Количество]]*М[[#This Row],[Цена за ед., руб]],2) -> 0
A30: Кран шаровой | B30: Gidrolock | C30: муфтовый с площадкой под электропривод В/В Ду-15 полнопроходной | D30: шт | E30: 368 | G30: =ROUND(М[[#This Row],[Количество]]*М[[#This Row],[Цена за ед., руб]],2) -> 0
A31: Кран шаровой | B31: Valtec | C31: муфтовый c НГ Ду-40 полнопроходной | D31: шт | E31: 8 | G31: =ROUND(М[[#This Row],[Количество]]*М[[#This Row],[Цена за ед., руб]],2) -> 0
A32: Кран шаровой | B32: Valtec | C32: муфтовый со штуцером Ду-20 | D32: шт | E32: 2 | G32: =ROUND(М[[#This Row],[Количество]]*М[[#This Row],[Цена за ед., руб]],2) -> 0
A33: Кран шаровой | B33: LD | C33: фланцевый Ду-80 с электроприводом | D33: шт | E33: 1 | G33: =ROUND(М[[#This Row],[Количество]]*М[[#This Row],[Цена за ед., руб]],2) -> 0
A34: Кран шаровой | B34: Valtec | C34: ВР-ВР Ду-15 полнопроходной | D34: шт | E34: 64 | G34: =ROUND(М[[#This Row],[Количество]]*М[[#This Row],[Цена за ед., руб]],2) -> 0
A35: Кран шаровой | B35: LD | C35: фланцевый Ду-80 | D35: шт | E35: 5 | G35: =ROUND(М[[#This Row],[Количество]]*М[[#This Row],[Цена за ед., руб]],2) -> 0
A36: Кран шаровой | B36: Valtec | C36: ВР-ВР Ду-40 полнопроходной | D36: шт | E36: 4 | G36: =ROUND(М[[#This Row],[Количество]]*М[[#This Row],[Цена за ед., руб]],2) -> 0
A37: Кран шаровой | B37: LD | C37: фланцевый Ду-50 | D37: шт | E37: 14 | G37: =ROUND(М[[#This Row],[Количество]]*М[[#This Row],[Цена за ед., руб]],2) -> 0
A38: Кран шаровой | B38: Valtec | C38: ВР-НР Ду-15 полнопроходной | D38: шт | E38: 15 | G38: =ROUND(М[[#This Row],[Количество]]*М[[#This Row],[Цена за ед., руб]],2) -> 0
A39: Кран шаровой | B39: Valtec | C39: ВР-НР Ду-15 полнопроходной | D39: шт | E39: 184 | G39: =ROUND(М[[#This Row],[Количество]]*М[[#This Row],[Цена за ед., руб]],2) -> 0 | H39: для пожаротушения
A40: Воздухоотводчик | B40: Valtec | C40: автоматический Ду-15 10bar | D40: шт | E40: 14 | G40: =ROUND(М[[#This Row],[Количество]]*М[[#This Row],[Цена за ед., руб]],2) -> 0
A41: Кран трехходовой для манометра | C41: Ду-15 Ру-16 G1/2-М20х1,5 латунь | D41: шт | E41: 3 | G41: =ROUND(М[[#This Row],[Количество]]*М[[#This Row],[Цена за ед., руб]],2) -> 0
A42: Труба сшитый полиэтилен | B42: ONE PLUS | C42: DN-20х2,8 PN-10bar PEXа | D42: пог. м | E42: 6279 | G42: =ROUND(М[[#This Row],[Количество]]*М[[#This Row],[Цена за ед., руб]],2) -> 0
A43: Коллектор (в сборе) распределительный | C43: Д-50 с 4-мя выходами (диаметр подключения Ду32) | D43: шт | E43: 46 | G43: =ROUND(М[[#This Row],[Количество]]*М[[#This Row],[Цена за ед., руб]],2) -> 0 | H43: в комплекте с кранами, фильтрами, редуктором давления, вставками под счетчик
A44: Фильтр сетчатый | B44: REON | C44: фланцевый Ду-80 | D44: шт | E44: 1 | G44: =ROUND(М[[#This Row],[Количество]]*М[[#This Row],[Цена за ед., руб]],2) -> 0
A45: Фильтр сетчатый | B45: Valtec | C45: муфтовый ВР-ВР Ду-15 латунь | D45: шт | E45: 12 | G45: =ROUND(М[[#This Row],[Количество]]*М[[#This Row],[Цена за ед., руб]],2) -> 0
A46: Насосная установка повышения давления | B46: WILO либо аналог | C46: 16бар Q=2.01 л/с Н=58,42 м | D46: шт | E46: 1 | G46: =ROUND(М[[#This Row],[Количество]]*М[[#This Row],[Цена за ед., руб]],2) -> 0 | H46: Wilo COR-3 MVL 408/SKwEB-R* или аналог в комплекте с виброкомпенсаторами фланцевыми
A47: Насосная установка повышения давления | B47: WILO либо аналог | C47: 16бар Q=1,88 л/с Н=93,02 м | D47: шт | E47: 1 | G47: =ROUND(М[[#This Row],[Количество]]*М[[#This Row],[Цена за ед., руб]],2) -> 0 | H47: Wilo COR-3 MVL 412/SKwEB-R* или аналог в комплекте с виброкомпенсаторами фланцевыми
A48: Эмаль (кг.) | C48: ПФ-115 | D48: кг | E48: 60 | G48: =ROUND(М[[#This Row],[Количество]]*М[[#This Row],[Цена за ед., руб]],2) -> 0 | H48: Для навигации
A49: Клапан балансировочный | B49: Weser | C49: ручной MVT-R Ду-15 Ру-16бар | D49: шт | E49: 4 | G49: =ROUND(М[[#This Row],[Количество]]*М[[#This Row],[Цена за ед., руб]],2) -> 0
A50: Клапан балансировочный | B50: Weser | C50: ручной MVT-R Ду-20 Ру-16бар | D50: шт | E50: 4 | G50: =ROUND(М[[#This Row],[Количество]]*М[[#This Row],[Цена за ед., руб]],2) -> 0
A51: Клапан обратный | B51: Valtec | C51: муфтовый Ду-20 Ру-16бар | D51: шт | E51: 2 | G51: =ROUND(М[[#This Row],[Количество]]*М[[#This Row],[Цена за ед., руб]],2) -> 0
A52: Клапан обратный | B52: REON | C52: Межфланцевый Ду-80 Ру-16бар | D52: шт | E52: 1 | G52: =ROUND(М[[#This Row],[Количество]]*М[[#This Row],[Цена за ед., руб]],2) -> 0
A53: Клапан обратный | B53: REON | C53: Межфланцевый Ду-50 Ру-16бар | D53: шт | E53: 4 | G53: =ROUND(М[[#This Row],[Количество]]*М[[#This Row],[Цена за ед., руб]],2) -> 0
A54: Клапан регулирующий | B54: Valtec | C54: понижения давления резьбовой Ду-15Ру-10 бар | D54: шт | E54: 12 | G54: =ROUND(М[[#This Row],[Количество]]*М[[#This Row],[Цена за ед., руб]],2) -> 0
A55: Труба полиэтиленовая (пог.м.) | C55: ПЭ-100 SDR13,6 DN110х8,1 | D55: пог. м | E55: 4 | G55: =ROUND(М[[#This Row],[Количество]]*М[[#This Row],[Цена за ед., руб]],2) -> 0
A56: Труба полиэтиленовая (пог.м.) | C56: ПЭ-100 SDR13,6 DN25х2,0 | D56: пог. м | E56: 8 | G56: =ROUND(М[[#This Row],[Количество]]*М[[#This Row],[Цена за ед., руб]],2) -> 0
A57: Муфта противопожарная | C57: ПМ-50 | D57: шт | E57: 156 | G57: =ROUND(М[[#This Row],[Количество]]*М[[#This Row],[Цена за ед., руб]],2) -> 0
A58: Муфта противопожарная | C58: ПМ32 | D58: шт | E58: 78 | G58: =ROUND(М[[#This Row],[Количество]]*М[[#This Row],[Цена за ед., руб]],2) -> 0
A59: Теплоизоляция трубная | B59: K-FLEX | C59: 32х13мм вспененный полиэтилен | D59: пог. м | E59: 280 | G59: =ROUND(М[[#This Row],[Количество]]*М[[#This Row],[Цена за ед., руб]],2) -> 0
A60: Теплоизоляция трубная | B60: K-FLEX | C60: 64х13мм вспененный полиэтилен | D60: пог. м | E60: 48 | G60: =ROUND(М[[#This Row],[Количество]]*М[[#This Row],[Цена за ед., руб]],2) -> 0
A61: Теплоизоляция трубная | B61: K-FLEX | C61: 76х13мм вспененный полиэтилен | D61: пог. м | E61: 5 | G61: =ROUND(М[[#This Row],[Количество]]*М[[#This Row],[Цена за ед., руб]],2) -> 0
A62: Теплоизоляция трубная | B62: K-FLEX | C62: 89х13мм вспененный полиэтилен | D62: пог. м | E62: 20 | G62: =ROUND(М[[#This Row],[Количество]]*М[[#This Row],[Цена за ед., руб]],2) -> 0
A63: Теплоизоляция трубная | B63: K-FLEX | C63: 48х13мм вспененный полиэтилен | D63: пог. м | E63: 12 | G63: =ROUND(М[[#This Row],[Количество]]*М[[#This Row],[Цена за ед., руб]],2) -> 0
A64: Теплоизоляция трубная | B64: K-FLEX | C64: 57х13мм вспененный полиэтилен | D64: пог. м | E64: 40 | G64: =ROUND(М[[#This Row],[Количество]]*М[[#This Row],[Цена за ед., руб]],2) -> 0
A65: Теплоизоляция трубная | B65: K-FLEX | C65: 50х13мм вспененный полиэтилен | D65: пог. м | E65: 651 | G65: =ROUND(М[[#This Row],[Количество]]*М[[#This Row],[Цена за ед., руб]],2) -> 0
A66: Теплоизоляция трубная | B66: K-FLEX | C66: 22х9мм вспененный полиэтилен | D66: пог. м | E66: 6279 | G66: =ROUND(М[[#This Row],[Количество]]*М[[#This Row],[Цена за ед., руб]],2) -> 0
A67: Теплоизоляция трубная | B67: K-FLEX | C67: 110х13мм вспененный полиэтилен | D67: пог. м | E67: 8 | G67: =ROUND(М[[#This Row],[Количество]]*М[[#This Row],[Цена за ед., руб]],2) -> 0
A68: Теплоизоляция трубная | B68: K-FLEX | C68: 28х13мм вспененный полиэтилен | D68: пог. м | E68: 176 | G68: =ROUND(М[[#This Row],[Количество]]*М[[#This Row],[Цена за ед., руб]],2) -> 0
A69: Теплоизоляция трубная | B69: K-FLEX | C69: 35х13мм вспененный полиэтилен | D69: пог. м | E69: 104 | G69: =ROUND(М[[#This Row],[Количество]]*М[[#This Row],[Цена за ед., руб]],2) -> 0
A70: Теплоизоляция трубная | B70: K-FLEX | C70: 42х13мм вспененный полиэтилен | D70: пог. м | E70: 40 | G70: =ROUND(М[[#This Row],[Количество]]*М[[#This Row],[Цена за ед., руб]],2) -> 0
A71: Фитинги для ПЭ (сшитый) трубы | D71: % | G71: =SUMIF(ЛСР!$B$8:$J$242,М[[#This Row],[Наим.]],ЛСР!$J$8:$J$242) -> 0 | H71: для всех разделов, расчитывается от стоимости материалов
A72: Фитинги для ППН трубы | D72: % | G72: =SUMIF(ЛСР!$B$8:$J$242,М[[#This Row],[Наим.]],ЛСР!$J$8:$J$242) -> 0 | H72: для всех разделов, расчитывается от стоимости материалов
A73: Фитинги для ПЭ трубы | D73: % | G73: =SUMIF(ЛСР!$B$8:$J$242,М[[#This Row],[Наим.]],ЛСР!$J$8:$J$242) -> 0 | H73: для всех разделов, расчитывается от стоимости материалов
A74: Фитинги для стальной трубы | D74: % | G74: =SUMIF(ЛСР!$B$8:$J$242,М[[#This Row],[Наим.]],ЛСР!$J$8:$J$242) -> 0 | H74: для всех разделов, расчитывается от стоимости материалов
A75: Прочие материалы | D75: % | G75: =SUMIF(ЛСР!$B$8:$J$242,М[[#This Row],[Наим.]],ЛСР!$J$8:$J$242) -> 0 | H75: для всех разделов, расчитывается от стоимости материалов
A76: Итог | G76: =SUBTOTAL(109,М[Сумма, руб]) -> 0
F78: проверка | G78: =М[[#Totals],[Сумма, руб]]-ЛСР!J245 -> 0

Sheet ПараметрыЗагрузки
A1: ЛСР | B1: ЛСРГуид
A2: ГП-72.105.01.11.02 Секция 1_Устройство системы водоснабжения №1 | B2: 077622b2-b580-11f0-8b59-a036bcbd010b
